AoeStats
← victimizer

Arabia

508763391Analyzed
1v1 RM · 8d ago on Sep 23, 2026· 48m 19s· 2 players
Game mode
Random Map
Map size
Tiny (2 player)
Population
200
Speed
Normal
Resources
Standard
Victory
Conquest
Starting age
Dark Age
Ending age
Imperial Age
RankedLock teamsTeams togetherTeam positionsShared explorationLock speedFull tech treeHidden civsTurbo modeCheats
Victory
Defeat
🇩🇪 Portuguese · Germany
1529
+16
🇨🇱 Mapuche · Chile
1524
-16
Allagí
10:12 Feudal Age
9:06 Loom
10:39 Double-Bit Axe
20:41 Castle Age
19:07 Fletching
25:11 Bodkin Arrow
25:31 Bow Saw
29:12 Horse Collar
29:23 Stone Mining
31:06 Wheelbarrow
36:32 Imperial Age
34:15 Heavy Plow
35:18 Forging
36:14 Pikeman
36:46 Gold Mining
37:04 Malon
37:52 Hand Cart
38:21 Iron Casting
37:11 Elite Skirmisher
40:00 Halberdier
42:35 Scale Mail Armor
43:36 Blast Furnace
43:06 Town Watch
43:57 Chain Mail Armor
44:34 Stone Shaft Mining
44:36 Gold Shaft Mining
victimizer
6:11 Loom
8:52 Feudal Age
9:47 Double-Bit Axe
9:43 Horse Collar
14:01 Gold Mining
19:49 Castle Age
18:35 Fletching
20:25 Bodkin Arrow
20:26 Crossbowman
23:11 Bow Saw
27:05 Padded Archer Armor
26:32 Elite Skirmisher
28:27 Wheelbarrow
30:26 Ballistics
30:11 Town Watch
36:09 Imperial Age
34:13 Leather Archer Armor
34:04 Scale Barding Armor
34:11 Bloodlines
34:58 Thumb Ring
35:04 Forging
35:01 Husbandry
36:38 Chain Barding Armor
36:13 Cavalier
37:40 Iron Casting
38:39 Chemistry
38:52 Bracer
39:30 Plate Barding Armor
40:31 Blast Furnace
40:15 Ring Archer Armor
43:29 Light Cavalry
Connection lost

Rejoining the realm…

Still unreachable

The connection could not be restored.

Session expired

The server has moved on; the page needs a fresh start.